AoeStats
← potatoes

Black Forest

510511691Analyzed
4v4 RM · 16h ago on Oct 1, 2026· 67m 19s· 8 players
Game mode
Random Map
Map size
Large (8 player)
Population
200
Speed
Normal
Resources
Standard
Victory
Conquest
Starting age
Dark Age
Ending age
Imperial Age
RankedLock teamsTeams togetherTeam positionsShared explorationLock speedFull tech treeHidden civsTurbo modeCheats
Victory
Defeat
🇨🇳 Danes · China
986
+15
🇯🇵 Varangians · Japan
969
+16
🇨🇳 Turks · China
954
+16
🇮🇳 Jurchens · India
937
+17
🇨🇦 Varangians · Canada
978
-18
🇵🇬 Huns · Papua New Guinea
973
-16
🇬🇧 Britons · United Kingdom
958
-16
🇹🇷 Persians · Türkiye
925
-14
Master
0:34 Loom
12:36 Feudal Age
13:34 Double-Bit Axe
17:56 Castle Age
19:09 Bow Saw
19:13 Horse Collar
24:44 Heavy Plow
29:25 Wheelbarrow
28:37 Town Watch
32:51 Imperial Age
30:24 Gold Mining
31:41 Gold Shaft Mining
31:15 Scale Barding Armor
31:11 Stone Mining
32:11 Hand Cart
32:33 Chain Barding Armor
33:21 Bloodlines
33:40 Town Patrol
34:17 Plate Barding Armor
34:42 Forging
34:40 Capped Ram
35:55 Crop Rotation
36:28 Two-Man Saw
35:56 Conscription
35:35 Elite Iron Pagoda
38:19 Iron Casting
38:29 Husbandry
38:46 Siege Ram
42:54 Blast Furnace
42:29 Caravan
44:02 Fletching
45:32 Heavy Rocket Cart
46:56 Hoardings
48:28 Chemistry
47:48 Ballistics
47:36 Siege Engineers
47:41 Masonry
47:12 Treadmill Crane
51:33 Guilds
52:10 Bodkin Arrow
52:47 Architecture
52:13 Murder Holes
52:39 Ballistics
55:58 Stone Shaft Mining
56:06 Fervor
41839751
0:42 Loom
16:58 Feudal Age
18:30 Wheelbarrow
19:00 Horse Collar
19:18 Double-Bit Axe
22:31 Stone Mining
22:35 Gold Mining
27:49 Castle Age
28:57 Hand Cart
29:09 Heavy Plow
29:21 Bow Saw
29:53 Town Watch
30:27 Fletching
30:57 Fortified Wall
33:37 Imperial Age
31:55 Bodkin Arrow
32:01 Padded Archer Armor
33:12 Ballistics
33:06 Masonry
32:38 Treadmill Crane
32:54 Murder Holes
38:08 Bombard Tower
37:54 Bracer
38:10 Leather Archer Armor
40:45 Two-Man Saw
41:55 Architecture
44:07 Conscription
43:08 Elite Janissary
43:56 Arrowslits
44:58 Artillery
49:40 Ring Archer Armor
52:23 Hoardings
54:46 Scale Barding Armor
54:52 Forging
64:57 Chain Barding Armor
64:57 Husbandry
65:08 Bloodlines
66:13 Iron Casting
66:14 Plate Barding Armor
68:38 Blast Furnace
LWwcnm
10:23 Feudal Age
11:17 Horse Collar
17:27 Castle Age
15:44 Double-Bit Axe
17:07 Stone Mining
18:42 Bow Saw
19:57 Gold Mining
23:06 Wheelbarrow
22:54 Heavy Plow
25:32 Hand Cart
30:43 Imperial Age
29:05 Stone Shaft Mining
29:55 Bloodlines
31:17 Ballistics
31:02 Squires
30:23 Pikeman
30:49 Arson
31:12 Scale Mail Armor
31:23 Forging
31:16 Caravan
32:03 Conscription
31:09 Gothikon
32:33 Husbandry
32:51 Elite Varangian Guard
33:54 Chain Mail Armor
34:15 Iron Casting
34:11 Siege Engineers
36:06 Two-Man Saw
36:14 Plate Mail Armor
36:32 Guilds
38:21 Elite Jarl
41:17 Blast Furnace
40:23 Scale Barding Armor
40:35 Halberdier
41:12 Vendel Legacy
45:02 Chain Barding Armor
45:56 Coinage
46:34 Chemistry
45:49 Masonry
45:53 Fortified Wall
47:10 Plate Barding Armor
51:06 Halberdier
54:33 Cavalier
54:34 Light Cavalry
potatoes
13:10 Feudal Age
13:58 Double-Bit Axe
13:55 Horse Collar
19:57 Castle Age
19:13 Stone Mining
21:05 Bow Saw
21:33 Bow Saw
21:25 Heavy Plow
28:21 Gold Mining
29:06 Stone Shaft Mining
33:44 Imperial Age
31:50 Wheelbarrow
31:01 Town Watch
31:02 Loom
31:21 Hamask
32:53 Ballistics
32:44 Masonry
32:30 Murder Holes
32:49 Forging
32:39 Scale Mail Armor
32:30 Fletching
33:45 Gambesons
34:00 Squires
33:46 Arson
33:22 Pikeman
34:27 Chain Mail Armor
34:48 Iron Casting
34:32 Siege Engineers
35:28 Chemistry
33:57 Elite Varangian Guard
35:08 Conscription
35:10 Halberdier
36:02 Onager
37:40 Bodkin Arrow
38:45 Blast Furnace
38:16 Plate Mail Armor
37:30 Siege Onager
44:13 Bracer
47:39 Northmen's Fury
51:16 Elite Jomsviking
Maggot_Man
8:22 Loom
13:46 Feudal Age
14:40 Double-Bit Axe
14:39 Horse Collar
22:22 Castle Age
23:17 Forging
22:58 Fletching
23:16 Scale Barding Armor
24:27 Bow Saw
24:23 Heavy Plow
33:02 Imperial Age
33:20 Wheelbarrow
33:57 Husbandry
37:47 Conscription
37:51 Yeomen
38:13 Hoardings
37:54 Fortified Wall
37:40 Murder Holes
37:56 Masonry
38:08 Ballistics
37:44 Crossbowman
38:30 Arbalester
43:06 Padded Archer Armor
43:19 Bodkin Arrow
44:31 Chemistry
45:00 Bracer
45:16 Leather Archer Armor
49:09 Pikeman
John
5:16 Loom
11:35 Feudal Age
13:20 Double-Bit Axe
13:20 Horse Collar
17:05 Castle Age
16:15 Gold Mining
18:49 Wheelbarrow
21:04 Hand Cart
21:47 Heavy Plow
22:44 Stone Mining
24:26 Bow Saw
26:31 Bloodlines
26:22 Husbandry
27:28 Scale Barding Armor
27:34 Forging
28:34 Chain Barding Armor
31:24 Imperial Age
29:57 Iron Casting
32:28 Conscription
33:00 Caravan
37:41 Blast Furnace
37:17 Plate Barding Armor
36:48 Cavalier
38:10 Vendel Legacy
40:17 Light Cavalry
43:55 Scale Mail Armor
47:33 Chain Mail Armor
47:10 Elite Varangian Guard
47:25 Elite Jarl
47:46 Hussar
49:56 Fletching
50:07 Padded Archer Armor
50:33 Bodkin Arrow
51:07 Cranequins
54:08 Bracer
54:23 Leather Archer Armor
55:45 Pikeman
56:32 Squires
56:18 Gambesons
57:17 Elite Skirmisher
60:31 Siege Engineers
61:16 Heavy Scorpion
65:30 Elite Skirmisher
Morias1stt
0:33 Loom
14:14 Feudal Age
20:48 Castle Age
19:38 Stone Mining
19:47 Double-Bit Axe
19:58 Gold Mining
19:52 Horse Collar
34:13 Imperial Age
31:34 Crossbowman
31:38 Light Cavalry
32:38 Bloodlines
33:21 Wheelbarrow
32:48 Town Watch
33:24 Caravan
34:04 Scale Barding Armor
34:03 Padded Archer Armor
34:48 Ballistics
34:45 Husbandry
35:24 Conscription
37:00 Chemistry
36:58 Hand Cart
36:27 Hussar
38:09 Forging
38:19 Thumb Ring
41:06 Murder Holes
44:35 Leather Archer Armor
44:10 Fletching
45:26 Elite War Elephant
48:09 Ring Archer Armor
47:35 Bodkin Arrow
57:00 Bow Saw
Tedex
11:57 Feudal Age
17:42 Castle Age
17:07 Double-Bit Axe
17:04 Horse Collar
17:17 Gold Mining
20:52 Scale Barding Armor
20:59 Forging
23:40 Iron Casting
24:02 Wheelbarrow
24:14 Stone Mining
24:47 Bloodlines
27:09 Hand Cart
28:05 Chain Barding Armor
29:45 Husbandry
33:44 Imperial Age
31:48 Marauders
32:30 Bow Saw
32:34 Heavy Plow
33:07 Town Watch
35:11 Squires
35:31 Pikeman
35:58 Arson
42:19 Blast Furnace
45:02 Caravan
46:14 Plate Barding Armor
50:39 Cavalier
50:50 Elite Tarkan
52:22 Cavalier
57:43 Light Cavalry
Connection lost

Rejoining the realm…

Still unreachable

The connection could not be restored.

Session expired

The server has moved on; the page needs a fresh start.